 Dungeon Crawl Stone Soup version 0.19.0-23-gf02e663 (webtiles) character file.

6202 RKaid the Cleaver (level 10, 0/69 HPs)
             Began as a Minotaur Fighter on Nov 19, 2016.
             Was an Elder of Okawaru.
             Killed from afar by Erica (30 damage)
             ... with a bolt of poison
             ... on level 9 of the Dungeon.
             The game lasted 00:15:51 (8042 turns).

RKaid the Cleaver (Minotaur Fighter)                Turns: 8042, Time: 00:15:51

Health: 0/69       AC: 16    Str: 29    XL:     10   Next: 61%
Magic:  9/9        EV:  9    Int:  5    God:    Okawaru [****..]
Gold:   508        SH: 16    Dex: 12    Spells: 0 memorised, 9 levels left

rFire  + . .     SeeInvis .     E - +1 hand axe (vamp) {!w}
rCold  . . .     Gourm    .     x - +1 scale mail {MR+}
rNeg   . . .     Faith    .     y - +4 shield "Ixzoa" {+Blink Dex+4}
rPois  .         Spirit   .     k - +2 hat
rElec  .         Reflect  .     q - +1 cloak
rCorr  .         Harm     .     j - +0 pair of gloves
MR     +....                    (no boots)
Stlth  ..........               (no amulet)
                                v - ring of protection from fire {rF+, !d}
                                h - +5 ring of strength

@: lethally poisoned (0 -> -11), slowed, very slow
A: retaliatory headbutt, horns 2, clumsy 1, frail 1, shaggy fur 1
a: Heroism, Renounce Religion, Evoke Blink


You were on level 9 of the Dungeon.
You worshipped Okawaru.
Okawaru was greatly pleased with you.
You were not hungry.

You visited 1 branch of the dungeon, and saw 9 of its levels.

You collected 508 gold pieces.

Inventory:

Hand Weapons
 a - a +0 war axe
 E - a +1 vampiric hand axe (weapon) {!w}
   (You took it off an orc priest on level 8 of the Dungeon)
Missiles
 C - a throwing net {=f}
Armour
 j - a +0 pair of gloves (worn)
   (You found it on level 1 of the Dungeon)
 k - a +2 hat (worn)
   (You found it on level 1 of the Dungeon)
 q - a +1 cloak (worn)
   (You found it on level 2 of the Dungeon)
 x - a +1 scale mail of magic resistance (worn)
   (You took it off Ijyb on level 3 of the Dungeon)
 y - the +4 shield "Ixzoa" (worn) {+Blink Dex+4}
   (You found it on level 4 of the Dungeon)

   It affects your dexterity (+4).
   It lets you blink.
 D - a +0 plate armour of cold resistance
   (You found it on level 7 of the Dungeon)
 M - a +0 ring mail of poison resistance
   (You took it off an orc priest on level 8 of the Dungeon)
Jewellery
 h - a +5 ring of strength (left hand)
   (You found it on level 1 of the Dungeon)
 v - a ring of protection from fire (right hand) {rF+, !d}
   (You found it on level 3 of the Dungeon)
 z - an uncursed ring of protection from cold {rC+, !d}
   (You found it on level 4 of the Dungeon)
 I - an uncursed ring of flight {+Fly, !d}
   (You found it on level 6 of the Dungeon)
Wands
 F - a wand of iceblast (7/15)
   (You found it on level 8 of the Dungeon)
Scrolls
 i - 3 scrolls of identify
 l - a scroll of fog
 s - 3 scrolls of amnesia
 B - 3 scrolls of blinking {!r}
 G - 2 scrolls of recharging
 O - a scroll of remove curse
Potions
 b - 2 potions of lignification {!q}
 d - a potion of might
 e - 3 potions of berserk rage {!q}
 g - 2 potions of haste
 m - 4 potions of brilliance
 p - 3 potions of curing
 r - 5 potions of heal wounds
 t - a potion of invisibility
 H - a potion of resistance
Miscellaneous
 K - a crystal ball of energy
   (You found it on level 9 of the Dungeon)
Comestibles
 f - 5 bread rations
 n - 7 fruits
 w - 3 meat rations
 A - 2 chunks of flesh


   Skills:
 - Level 3.6 Fighting
 - Level 14.4 Axes
 + Level 9.3 Armour
 + Level 9.4 Shields


You had 9 spell levels left.
You didn't know any spells.

Dungeon Overview and Level Annotations

Branches:
Dungeon (9/15)             Temple (0/1) D:5
   Lair: D:8-11         Orc: D:9-12

Altars:
Dithmenos
Gozag
Kikubaaqudgha
Okawaru
Qazlal
Sif Muna
Trog
Uskayaw

Shops:
D:8 (

Annotations:
D:8 exclusions: sky beast and 2 more exclusions
D:9 Erica


Innate Abilities, Weirdness & Mutations

You reflexively headbutt those who attack you in melee.
You have a pair of horns on your head.
You are clumsy. (Dex -2)
You are frail. (-10% HP)
You are covered in fur. (AC +1)


Message History

A water moccasin skeleton comes into view.
You closely miss Erica. You block Erica's attack.
You completely miss Erica. Your headbutt misses Erica. You hit the yak.
You block the yak's attack. Erica hits you but does no damage.
You closely miss Erica. You hit the yak. The yak gores you.
You hit the yak. You hit the polar bear.
You feel better.
You closely miss Erica. You block Erica's attack.
You hit the yak but do no damage. You hit Erica but do no damage.
You hit the polar bear. The polar bear bites you.
The polar bear claws you but does no damage.
You block the polar bear's attack.
You hit the yak.
You feel better.
You barely miss Erica.
Your scale mail prevents you from hitting the polar bear.
You block Erica's attack. The polar bear bites you!
The polar bear barely misses you. The polar bear claws you. The yak misses you.
You hit the yak. You hit the polar bear.
You feel better.
You hit the yak. You hit Erica.
You feel better. You block the yak's attack.
A white imp comes into view.
The white imp shouts!
You slash the yak! Your headbutt misses the yak. You closely miss Erica.
You hit the yak but do no damage.
You hit the polar bear but do no damage.
You block the polar bear's attack. x2
The polar bear claws you but does no damage.
The yak closely misses you. You block Erica's attack.
You hit the yak.
You feel better.
You hit Erica. You slash the yak!
You hit the polar bear but do no damage.
You block the yak's attack.
The polar bear bites you but does no damage.
You block the polar bear's attack. The polar bear misses you.
You block the yak's attack.
You hit the yak but do no damage. You headbutt the yak. You closely miss Erica.
You completely miss the yak.
You hit the polar bear but do no damage.
Erica hits you with a scimitar of flaming!
Erica burns you.
You hit the yak.
You feel better.
You kill the yak!
Okawaru accepts your kill.
You closely miss Erica. You barely miss the yak.
You hit the polar bear but do no damage.
You block the yak's attack. You block the polar bear's attack.
The polar bear claws you but does no damage.
You block the polar bear's attack.
You hit the yak. You hit Erica.
You hit the polar bear but do no damage.
Erica closely misses you. You furiously retaliate!
You headbutt Erica. The yak barely misses you. You furiously retaliate!
You headbutt the yak. The polar bear bites you.
You block the polar bear's attack. x2
You slash the yak!
You feel better.
You headbutt the yak.
You kill the yak!
Okawaru accepts your kill.
You closely miss Erica. You hit the polar bear.
Erica says, "I'm so much better than you."
You block Erica's attack.
You hit Erica. Your headbutt misses Erica.
You hit the water moccasin skeleton but do no damage.
You hit the polar bear but do no damage.
The polar bear bites you but does no damage.
You block the polar bear's attack. x2
The water moccasin skeleton bites you but does no damage.
You slash Erica!
You hit the polar bear but do no damage.
You slash the water moccasin skeleton! Erica casts a spell at you.
You feel yourself slow down. The polar bear closely misses you.
You block the polar bear's attack. The polar bear closely misses you.
You barely miss the polar bear.
You headbutt the polar bear, but do no damage.
You barely miss the water moccasin skeleton.
You closely miss Erica.
You block the water moccasin skeleton's attack.
Erica hits you with a scimitar of flaming.
You block the water moccasin skeleton's attack.
You hit the polar bear. You hit Erica. You slash the water moccasin skeleton!
The polar bear misses you. You block the polar bear's attack. x2
You block the water moccasin skeleton's attack.
The polar bear bites you.
The polar bear claws you but does no damage. x2
You hit the polar bear.
You feel better.
You headbutt the polar bear, but do no damage.
You slash Erica! You hit the water moccasin skeleton. You block Erica's attack.
The water moccasin skeleton barely misses you.
The polar bear bites you! You block the polar bear's attack.
The polar bear claws you but does no damage.
Okay, then.
You block the white imp's attack.
You block the water moccasin skeleton's attack.
The white imp gestures at you. The puff of frost hits you!
You block the polar bear's attack.
The polar bear claws you but does no damage. x2
The water moccasin skeleton bites you.
The hound barks!
Erica casts a spell at you.
The bolt of poison hits the water moccasin skeleton.
The water moccasin skeleton completely resists.
The bolt of poison hits you!
You are poisoned.
You die...

.............# #.......#
.............# #<......#
.............# #.......#
#########....#####.......#
#................# ......
##..............).# ......
#...######......###
h.....### #...+ #......#
;.......# #..@# +......#
........# #...#
........#### #5hZ#
≈≈..(......###.†@####
..≈.............T.......
..≈..........)..........
≈≈...........h.)........
≈.......................
≈###..............####..


You could see Erica, a polar bear, a troll, a hound, a white imp and a water
moccasin skeleton.

Vanquished Creatures
  2 two-headed ogres
  Grinder (D:5)
  2 hippogriffs
  The ghost of sheala the Vexing, an amateur DEEn of Vehumet (D:4)
  5 yaks
  A hungry ghost (D:8)
  Menkaure (D:6)
  Edmund (D:6)
  A water moccasin (D:7)
  5 ice beasts
  2 orc warriors
  2 sky beasts (D:8)
  A necrophage (D:9)
  6 ogres
  A phantom (D:6)
  A wolf (D:8)
  3 centaurs
  A big kobold (D:7)
  Blork the orc (D:6)
  A water moccasin skeleton (D:4)
  2 scorpions
  3 killer bees (D:7)
  7 wights (D:6)
  2 howler monkeys
  4 crimson imps
  A bullfrog zombie (D:5)
  2 hounds
  2 jellies (D:5)
  3 orc priests
  A bullfrog skeleton (D:6)
  7 orc wizards
  Jessica (D:2)
  A centaur skeleton (D:9)
  Ijyb (D:3)
  An iguana (D:9)
  9 worker ants
  A hound skeleton (D:6)
  3 gnolls (D:3)
  14 adders
  3 shadow imps (D:5)
  A white imp (D:9)
  An ufetubus (D:9)
  An ooze (D:2)
  An adder zombie (D:6)
  A worm (D:2)
  8 dart slugs
  6 leopard geckos
  32 orcs
  7 giant cockroaches
  10 goblins
  7 hobgoblins
  11 jackals
  7 quokkas
  4 ball pythons
  4 bats
  2 frilled lizards (D:2)
  12 kobolds
  5 rats
227 creatures vanquished.

Vanquished Creatures (others)
  An orc wizard (D:8)
1 creature vanquished.

Grand Total: 228 creatures vanquished

Notes
Turn   | Place    | Note
-------+----------+-------------------------------------------
     0 | D:1      | RKaid the Minotaur Fighter began the quest for the Orb.
     0 | D:1      | Reached XP level 1. HP: 19/19 MP: 0/0
    12 | D:1      | Reached skill level 3 in Axes
   110 | D:1      | Reached XP level 2. HP: 26/26 MP: 1/1
   314 | D:1      | Reached skill level 4 in Axes
   383 | D:1      | Reached XP level 3. HP: 27/31 MP: 2/2
   537 | D:2      | Noticed Jessica
   548 | D:2      | Killed Jessica
   548 | D:2      | Reached skill level 5 in Axes
   809 | D:2      | Reached XP level 4. HP: 39/39 MP: 3/3
  1387 | D:2      | Reached skill level 6 in Axes
  1827 | D:3      | Found a faded altar of an unknown god.
  1862 | D:3      | Reached XP level 5. HP: 44/45 MP: 4/4
  2029 | D:3      | Reached skill level 7 in Axes
  2035 | D:3      | Noticed Ijyb
  2041 | D:3      | Killed Ijyb
  2683 | D:4      | Reached XP level 6. HP: 51/51 MP: 5/5
  2781 | D:4      | Reached skill level 8 in Axes
  2949 | D:4      | Got a polished shield
  2965 | D:4      | Noticed sheala's ghost (amateur DEEn)
  2997 | D:4      | Killed sheala's ghost
  2997 | D:4      | Reached skill level 9 in Axes
  2997 | D:4      | Reached skill level 4 in Shields
  2997 | D:4      | Reached XP level 7. HP: 57/57 MP: 6/6
  3081 | D:4      | Found an iron altar of Okawaru.
  3105 | D:4      | Found a shadowy altar of Dithmenos.
  3107 | D:4      | Found a bloodstained altar of Trog.
  3111 | D:4      | Found an opulent altar of Gozag.
  3112 | D:4      | Found an ancient bone altar of Kikubaaqudgha.
  3185 | D:4      | Found a deep blue altar of Sif Muna.
  3390 | D:4      | Became a worshipper of Warmaster Okawaru
  3401 | D:5      | Entered Level 5 of the Dungeon
  3441 | D:5      | Found a staircase to the Ecumenical Temple.
  3491 | D:5      | Reached skill level 10 in Axes
  3609 | D:5      | Noticed Grinder
  3618 | D:5      | Killed Grinder
  3618 | D:5      | Reached * piety under Okawaru
  3618 | D:5      | Reached skill level 11 in Axes
  3618 | D:5      | Reached XP level 8. HP: 39/64 MP: 7/7
  3884 | D:5      | Found an opulent altar of Gozag.
  4279 | D:5      | Reached skill level 12 in Axes
  4426 | D:6      | Noticed Edmund
  4441 | D:6      | Killed Edmund
  4485 | D:6      | Noticed Blork the orc
  4492 | D:6      | Reached ** piety under Okawaru
  4503 | D:6      | Killed Blork the orc
  4503 | D:6      | Reached skill level 13 in Axes
  4835 | D:6      | Reached XP level 9. HP: 60/70 MP: 8/8
  5184 | D:6      | Found a stormy altar of Qazlal.
  5280 | D:6      | Reached skill level 14 in Axes
  5456 | D:6      | Noticed Menkaure
  5461 | D:6      | Killed Menkaure
  5557 | D:6      | Identified the +4 shield "Ixzoa" {+Blink Dex+4} (You found it on level 4 of the Dungeon)
  5588 | D:7      | Reached skill level 4 in Armour
  5599 | D:7      | Reached *** piety under Okawaru
  5599 | D:7      | Reached skill level 5 in Shields
  5637 | D:7      | Found a hide-covered altar of Uskayaw.
  5681 | D:7      | Reached skill level 5 in Armour
  6005 | D:7      | Reached skill level 6 in Shields
  6276 | D:7      | Reached skill level 6 in Armour
  6414 | D:8      | Reached skill level 7 in Shields
  6421 | D:8      | Reached XP level 10. HP: 28/77 MP: 9/9
  6775 | D:8      | Found Eshrolow's Weapon Shop.
  6862 | D:8      | Reached **** piety under Okawaru
  6862 | D:8      | Reached skill level 7 in Armour
  6867 | D:8      | Gained mutation: Your spells are a little harder to cast, but a little more powerful. [mutagenic meat]
  6868 | D:8      | Gained mutation: You are clumsy. (Dex -2) [mutagenic meat]
  6869 | D:8      | Gained mutation: Your system is resistant to poisons. (rPois) [mutagenic meat]
  6870 | D:8      | Gained mutation: You are covered in fur. (AC +1) [mutagenic meat]
  7234 | D:9      | Reached skill level 8 in Shields
  7268 | D:8      | Reached skill level 8 in Armour
  7426 | D:8      | Lost mutation: Your system is resistant to poisons. (rPois) [mutagenic meat]
  7427 | D:8      | Gained mutation: You are frail. (-10% HP) [mutagenic meat]
  7428 | D:8      | Lost mutation: Your spells are a little harder to cast, but a little more powerful. [mutagenic meat]
  7851 | D:8      | Reached skill level 9 in Shields
  7922 | D:9      | Reached skill level 9 in Armour
  8020 | D:9      | Noticed Erica
  8042 | D:9      | Killed from afar by Erica

Skill      XL: |  1  2  3  4  5  6  7  8  9 10 |
---------------+-------------------------------+-----
Axes           | 3 4 5 6 7 9 11 13 14 | 14.4
Shields        | 4 7 9 |  9.4
Armour         | 6 9 |  9.3
Fighting       | |  3.6

Action                   |  1- 3 |  4- 6 |  7- 9 | 10-12 || total
-------------------------+-------+-------+-------+-------++-------
Melee: War axe           |    62 |   144 |   292 |   135 ||   633
       Headbutt          |    12 |    24 |    68 |    35 ||   139
       Hand axe          |       |       |       |    24 ||    24
  Use: Scroll            |       |     9 |     4 |     7 ||    20
       Potion            |       |       |     1 |     1 ||     2
  Eat: Chunk             |       |     7 |    11 |    13 ||    31
       Fruit             |       |       |       |     3 ||     3
       Royal jelly       |       |       |       |     1 ||     1
       Pizza             |       |       |       |     1 ||     1
       Beef jerky        |       |       |       |     1 ||     1
Armor: Scale mail        |    21 |    49 |    84 |    60 ||   214
       Plate armour      |       |       |     2 |       ||     2
Dodge: Dodged            |    20 |    38 |    84 |    45 ||   187
Block: Shield            |    27 |    57 |    65 |   186 ||   335
       Buckler           |       |       |    32 |       ||    32

Vault maps used:
D:1:      dpeg_arrival_renting
D:2:      serial_co_window_serial, co_window_paths_a,
          co_window_of_opportunity_a, co_window_corner_a,
          co_window_of_opportunity_a, co_window_paths_b,
          co_window_unsneaky_path_a, co_window_paths_c, co_window_broadway_a,
          co_window_broadway_a, co_window_4corner_a, co_window_paths_e,
          glass_columns_a, glass_columns_b, glass_columns_a, glass_columns_a,
          uniq_jessica
D:3:      nicolae_overflow_hidden_temple, ecumenical_altar_2, uniq_iyjb
D:4:      kennysheep_mini, grunt_temple_overflow_open, first_bread
D:5:      grunt_gozag_breadcrumbs, uniq_grinder
D:6:      nicolae_qazlal_style_of_elements, uniq_menkaure, uniq_blork_the_orc,
          uniq_edmund
D:7:      eat_drink_and_be_merry_uskayaw
D:8:      nicolae_whirlpool, serial_shops, shop
D:9:      cheibrodos_helix_gallery, grunt_temple_overflow_champion_of_chaos,
          kennysheep_little_box, serial_ice, serial_ice_g, serial_ice_l,
          serial_ice_o, serial_ice_c, uniq_erica

Table legend:
 A = Turns spent in this place as a percentage of turns spent in the entire game.
 B = Non-inter-level travel turns spent in this place as a percentage of non-inter-level travel turns spent in the entire game.
 C = Inter-level travel turns spent in this place as a percentage of turns spent in this place.
 D = Turns resting spent in this place as a percentage of non-inter-level travel turns spent in this place.
 E = Turns spent auto-exploring this place as a percentage of non-inter-level travel turns spent in this place.
 F = Non-inter-level travel turns spent in this place divided by the number of levels of this place that you've seen.
                   A       B       C       D       E      F
               +-------+-------+-------+-------+-------+----------------------
         Total | 100.0 | 100.0 |   0.4 |   2.0 |  11.2 | 259.0
       Dungeon | 100.0 | 100.0 |   0.4 |   2.0 |  11.2 | 259.0
               +-------+-------+-------+-------+-------+----------------------

Table legend:
 A = Kills in this place as a percentage of kills in entire the game.
 B = Kills by you in this place as a percentage of kills by you in the entire game.
 C = Kills by friends in this place as a percentage of kills by friends in the entire game.
 D = Other kills in this place as a percentage of other kills in the entire game.
 E = Experience gained in this place as a percentage of experience gained in the entire game.
 F = Experience gained in this place divided by the number of levels of this place that you have seen.
                   A       B       C       D       E      F
               +-------+-------+-------+-------+-------+----------------------
         Total | 100.0 | 100.0 |  -nan | 100.0 | 100.0 | 984.6
       Dungeon | 100.0 | 100.0 |  -nan | 100.0 | 100.0 | 984.6
               +-------+-------+-------+-------+-------+----------------------
